 Dungeon Crawl Stone Soup version 0.28-a0-32-g8dfe7f97f6 (webtiles) character file.

Game seed: 1385438220878589016

66 Spaninq the Skirmisher (level 4, -2/37 HPs)
             Began as a Formicid Abyssal Knight on July 27, 2021.
             Was a Believer of Lugonu.
             Slain by an iguana (13 damage)
             ... on level 3 of the Dungeon.
             The game lasted 00:04:16 (2151 turns).

Spaninq the Skirmisher (Formicid Abyssal Knight)    Turns: 2151, Time: 00:04:17

Health: -2/37      AC:  5    Str: 18    XL:     4   Next: 37%
Magic:  6/6        EV: 10    Int: 11    God:    Lugonu [**....]
Gold:   70         SH:  0    Dex: 10    Spells: 3/3 levels left

rFire   . . .      SeeInvis +   a - +1 hand axe
rCold   . . .      Faith    .   (no shield)
rNeg    . . .      Spirit   .   c - +0 ring mail
rPois   .          Reflect  .   (helmet unavailable)
rElec   .          Harm     .   (no cloak)
rCorr   .          Rampage  .   (no gloves)
Will    ++...                   (no boots)
Stlth   ..........              (no amulet)
HPRegen 0.12/turn               i - ring of willpower
MPRegen 0.10/turn               b - ring of willpower

@: no status effects
A: permanent stasis, dig shafts and tunnels, antennae 3, four strong arms
a: Dig, Shaft Self, Renounce Religion, Depart the Abyss, Bend Space


You were on level 3 of the Dungeon.
You worshipped Lugonu.
Lugonu was pleased with you.
You visited 1 branch of the dungeon, and saw 3 of its levels.
You visited the Abyss 1 time.

You collected 70 gold pieces.

Inventory:

Hand Weapons
 a - a +1 hand axe (weapon)
Missiles
 g - 7 curare-tipped darts
Armour
 c - a +0 ring mail (worn)
Jewellery
 b - a ring of willpower (right hand)
 e - a ring of protection from fire
 i - a ring of willpower (left hand)
Scrolls
 h - 2 scrolls of enchant armour {unknown}
 j - a scroll of magic mapping
 l - 4 scrolls of noise {unknown}
Potions
 d - a potion of flight {unknown}
 f - a potion of invisibility
 k - a potion of haste {unknown}


   Skills:
 + Level 3.7 Fighting
 * Level 3.1 Axes
 + Level 2.8 Armour
 - Level 0.8 Dodging
 + Level 3.0 Invocations


You had 3 spell levels left.
You didn't know any spells.
Your spell library was empty.

Dungeon Overview and Level Annotations

Branches:
Dungeon (3/15)

Altars:
Beogh

Shops:
D:2 ?([?*


Innate Abilities, Weirdness & Mutations

You cannot be hasted, slowed, berserked, paralysed or teleported.
You can dig through walls and to a lower floor.
You have a pair of large antennae on your head. (SInv)
Your four strong arms can wield two-handed weapons with a shield.


Message History

The iguana hisses angrily.
You see here a ball python corpse.
You hit the iguana.
The iguana is moderately wounded.
The iguana bites you.
You hit the iguana but do no damage.
The iguana is moderately wounded.
The iguana barely misses you.
You closely miss the iguana.
The iguana is moderately wounded.
The iguana bites you! The iguana barely misses you.
You hit the iguana.
The iguana is moderately wounded.
The iguana bites you but does no damage.
You hit the iguana.
The iguana is heavily wounded.
The iguana bites you but does no damage.
You barely miss the iguana.
The iguana is heavily wounded.
The iguana bites you but does no damage.
You completely miss the iguana.
The iguana is heavily wounded.
The iguana misses you.
You hit the iguana.
The iguana is heavily wounded.
The iguana bites you.
You hit the iguana but do no damage.
The iguana is heavily wounded.
The iguana barely misses you.
You closely miss the iguana.
The iguana is heavily wounded.
The iguana barely misses you.
You barely miss the iguana.
The iguana is heavily wounded.
The iguana bites you.
* * * LOW HITPOINT WARNING * * *
You hit the iguana.
The iguana is almost dead.
The iguana bites you!
You die...

#...# ....###
#....##### #
#...##.<# .##.
#...#...#....
{+#...#'.##..##.
.###.....###......
..................
......8...@l.....#
.........†....#.##
####.....####.....
+#...#).# #.##
#...#...# #
#...##.># #.....
### ....#..
.#.#.#.#


You could see an iguana.

Vanquished Creatures
  2 adders (D:2)
  A dart slug (D:1)
  6 ball pythons
  3 bats
  5 endoplasms
  4 giant cockroaches
  6 goblins
  2 hobgoblins
  3 jackals (D:2)
  2 kobolds (D:1)
  2 quokkas (D:2)
  A frilled lizard (D:2)
  4 rats
41 creatures vanquished.

Notes
Turn   | Place    | Note
-------+----------+-------------------------------------------
     0 | Abyss:1  | Spaninq the Formicid Abyssal Knight began the quest for the
                  | Orb.
     0 | Abyss:1  | Reached XP level 1. HP: 18/18 MP: 2/2
    13 | D:1      | Escaped the Abyss
   274 | D:1      | Reached XP level 2. HP: 14/24 MP: 3/3
   410 | D:1      | Found a faded altar of an unknown god.
  1034 | D:2      | Reached XP level 3. HP: 14/29 MP: 4/4
  1255 | D:2      | Found Hasiph's Magic Scroll Emporium.
  1261 | D:2      | Found Rich's Weapon Emporium.
  1267 | D:2      | Reached ** piety under Lugonu
  1511 | D:2      | Reached XP level 4. HP: 37/37 MP: 6/6
  1816 | D:2      | Found Miomm's Magic Scroll Emporium.
  1837 | D:2      | Found Hostrar's Armour Emporium.
  1988 | D:2      | Found Ceov's Assorted Antiques.
  2151 | D:3      | Slain by an iguana

Illustrated notes

Levels and vault maps discovered:
D:1:      zelgadis_glass_arrival_small, layout_basic,
          hellmonk_ecumenical_altar_defaced_shrine
D:2:      layout_basic, serial_shops, shop, shop, shop,
          nicolae_shop_statue_plus, shop_scrolls
D:3:      layout_loops_corners, mainiacjoe_overflow_tiny_flanked, serial_shops,
          shop, grunt_ministairs_6

Skill      XL: |  1  2  3  4 |
---------------+-------------+-----
Axes           | 3 |  3.1
Invocations    | 3 |  3.0
Fighting       | |  3.7
Armour         | |  2.8
Dodging        | |  0.8

Action                   |  1- 3 |  4- 6 || total
-------------------------+-------+-------++-------
Melee: Hand axe          |    95 |    48 ||   143
  Use: Scroll            |     2 |       ||     2
       Potion            |     1 |       ||     1
 Stab: Invisible         |     1 |       ||     1
Armor: Leather armour    |    13 |       ||    13
       Ring mail         |    11 |    25 ||    36
Dodge: Dodged            |    64 |    21 ||    85

Table legend: (Time is in decaauts)
 A = Elapsed time spent in this place.
 B = Non-inter-level travel time spent in this place.
 C = Inter-level travel time spent in this place.
 D = Time resting spent in this place.
 E = Time spent auto-exploring this place.
 F = Levels seen in this place.
 G = Mean time per level.
                   A        B        C        D        E       F      G
               +--------+--------+--------+--------+--------+-----+--------+
         Total |   2172 |   2042 |    130 |    276 |   1297 |   4 |  543.0 |
       Dungeon |   2159 |   2029 |    130 |    276 |   1291 |   3 |  719.7 |
         Abyss |     13 |     13 |      0 |      0 |      6 |   1 |   13.0 |
               +--------+--------+--------+--------+--------+-----+--------+

Top non-repeatable levels by time:
     D:2: 1132 daAuts
     D:1: 988 daAuts
     D:3: 38 daAuts
 Abyss:1: 13 daAuts
